 Dungeon Crawl Stone Soup version 0.29.1-15-g9cfb28693d (webtiles) character file.

Game seed: 10376753431300308305

36244 H0rd4k the Covert (level 14, -16/108 HPs)
             Began as a Human Artificer on Apr 17, 2023.
             Was an Initiate of Gozag.
             Demolished by a death yak (19 damage)
             ... on level 4 of the Lair of Beasts on Apr 18, 2023.
             The game lasted 00:49:55 (27219 turns).

H0rd4k the Covert (Human Artificer)                Turns: 27219, Time: 00:49:56

Health: -16/108    AC:  7    Str: 12    XL:     14   Next: 22%
Magic:  27/27      EV: 13    Int: 18    God:    Gozag
Gold:   619        SH:  5    Dex: 16    Spells: 12/31 levels left

rFire   + + +      SeeInvis .   b - +9 dagger "Guenumoa" {speed, rPois rF+}
rCold   . . .      Faith    .   (no shield)
rNeg    + + .      Spirit   .   L - +1 ring mail of Ojadgh {+Blink rPois rF++ Stlth+}
rPois   +          Reflect  +   (no helmet)
rElec   .          Harm     .   (no cloak)
rCorr   .          Rampage  .   (no gloves)
Will    +....                   q - +0 pair of boots
Stlth   +++++.....              d - amulet "Seste" {Reflect +Blink rN+ Int+3 SH+5}
HPRegen 0.28/turn               t - ring of positive energy
MPRegen 0.20/turn               y - +4 ring of slaying

@: about to teleport, studying 3 skills
A: no striking features
a: Renounce Religion, Evoke Blink, Potion Petition, Call Merchant, Bribe Branch


You were on level 4 of the Lair of Beasts.
You worshipped Gozag.
Gozag was pleased with you.
You visited 4 branches of the dungeon, and saw 17 of its levels.

You collected 3468 gold pieces.
You spent 1494 gold pieces at shops.
You paid 1355 gold pieces to Gozag.

Inventory:

Hand Weapons
 b - the +9 dagger "Guenumoa" (weapon) {speed, rPois rF+}
   (You found it on level 7 of the Dungeon)

   Attacks with this weapon are significantly faster.
   rF:        It protects you from fire.
   rPois:     It protects you from poison.
 P - the +8 flail of the Blessed Realm {vorpal, rCorr Stlth+}
   (You found it on level 7 of the Dungeon)

   It inflicts extra damage upon your enemies.
   rCorr:     It protects you from acid and corrosion.
   Stlth:     It makes you more stealthy.
 Q - the +5 arbalest of Liofulio {flame, rC+ Str+3 Dex+3}
   (You bought it in a shop on level 5 of the Dungeon)

   Any ammunition fired from it burns those it strikes, dealing additional fire
   damage.
   Str:       It affects your strength (+3).
   Dex:       It affects your dexterity (+3).
   rC:        It protects you from cold.
 R - the +5 falchion of Objectivity {vorpal, +Blink Will+ Dex+4}
   (You bought it in a shop on level 5 of the Dungeon)

   It inflicts extra damage upon your enemies.
   Dex:       It affects your dexterity (+4).
   +Blink:    It lets you blink.
   Will:      It increases your willpower.
Armour
 q - a +0 pair of boots (worn)
 A - a +3 leather armour of cold resistance
 L - the +1 ring mail of Ojadgh (worn) {+Blink rPois rF++ Stlth+}
   (You found it on level 8 of the Dungeon)

   rF:        It greatly protects you from fire.
   rPois:     It protects you from poison.
   +Blink:    It lets you blink.
   Stlth:     It makes you more stealthy.
Magical Staves
 c - a staff of cold
Jewellery
 d - the amulet "Seste" (around neck) {Reflect +Blink rN+ Int+3 SH+5}
   (You acquired it on level 2 of the Lair of Beasts)

   [amulet of reflection]

   It reflects blocked missile attacks.
   Int:       It affects your intelligence (+3).
   rN:        It protects you from negative energy.
   +Blink:    It lets you blink.
   SH:        It affects your SH (+5).
 s - an amulet of guardian spirit
 t - a ring of positive energy (left hand)
 x - a ring of see invisible
 y - a +4 ring of slaying (right hand)
 B - a ring of poison resistance
Wands
 a - a wand of iceblast (4) (quivered)
 C - a wand of digging (11)
Scrolls
 k - 3 scrolls of magic mapping
 m - 2 scrolls of butterflies {unknown}
 n - 2 scrolls of summoning
 o - a scroll of enchant armour {unknown}
 p - 5 scrolls of teleportation
 r - 3 scrolls of brand weapon {unknown}
 u - a scroll of fear
 w - 3 scrolls of poison
 E - 2 scrolls of vulnerability {unknown}
 F - a scroll of silence {unknown}
 I - 3 scrolls of amnesia
 J - 2 scrolls of blinking {unknown}
 M - a scroll of immolation {unknown}
Potions
 e - 2 potions of mutation
 f - 5 potions of curing
 g - 4 potions of heal wounds
 h - a potion of haste {unknown}
 i - 4 potions of brilliance
 l - 2 potions of might
 v - 4 potions of flight
 z - 2 potions of cancellation
 D - 4 potions of attraction {unknown}
 G - 2 potions of invisibility {unknown}
 H - 2 potions of lignification {unknown}
 O - 2 potions of magic {unknown}


   Skills:
 - Level 9.5 Fighting
 - Level 7.5 Short Blades
 - Level 7.8 Maces & Flails
 + Level 0.1 Polearms
 - Level 2.0 Ranged Weapons
 + Level 0.1 Throwing
 - Level 2.0 Armour
 - Level 6.8 Dodging
 - Level 11.7 Stealth
 + Level 1.2 Shields
 * Level 9.4 Spellcasting
 * Level 8.5 Hexes
 + Level 10.5 Necromancy
 + Level 1.4 Translocations
 + Level 0.2 Poison Magic
 - Level 6.4 Evocations


You had 12 spell levels left.
You knew the following spells:

 Your Spells              Type           Power      Damage    Failure   Level
a - Portal Projectile     Hex/Tloc       52%        N/A       7%          3
b - Anguish               Hex/Necr       21%        N/A       3%          4
c - Agony                 Necr           46%        N/A       7%          5
d - Inner Flame           Hex/Fire       23%        N/A       10%         3
e - Cause Fear            Hex            19%        N/A       5%          4

Your spell library contained the following spells:

 Spells                   Type           Power      Damage    Failure   Level
 Necrotise                Necr           100%       1d9       1%          1
 Beastly Appendage        Tmut           16%        N/A       19%         1
 Freeze                   Ice            32%        1d5       19%         1
 Magic Dart               Conj           32%        1d4       19%         1
 Call Imp                 Summ           8%         N/A       26%         2
 Wereblood                Tmut           8%         N/A       26%         2
 Gell's Gravitas          Tloc           13%        N/A       30%         3
 Teleport Other           Tloc           13%        N/A       30%         3
 Leda's Liquefaction      Hex/Erth       11%        N/A       32%         4
 Spider Form              Tmut/Pois      9%         N/A       45%         3
 Call Canine Familiar     Summ           8%         N/A       47%         3
 Ignite Poison            Fire/Tmut/Pois 8%         N/A       47%         3
 Mephitic Cloud           Conj/Pois/Air  8%         N/A       47%         3
 Frozen Ramparts          Ice            16%        1d3       50%         3
 Ozocubu's Armour         Ice            8%         N/A       50%         3
 Borgnjor's Vile Clutch   Necr/Erth      13%        N/A       50%         5
 Hailstorm                Conj/Ice       8%         3d4       88%         4
 Alistair's Intoxication  Tmut/Pois      6%         N/A       99%         5
 Freezing Cloud           Conj/Ice/Air   4%         6-21      99%         5
 Enfeeble                 Hex            19%        N/A       99%         7
 Dispersal                Tloc           6%         N/A       100%        6
 Eringya's Noxious Bog    Tmut/Pois      4%         N/A       100%        6
 Ozocubu's Refrigeration  Ice            4%         4d8       100%        7
 Discord                  Hex            19%        N/A       100%        8


Dungeon Overview and Level Annotations

Branches:
Dungeon (11/15)            Temple (1/1) D:6            Lair (4/5) D:9
  Swamp (0/4) Lair:3        Snake (0/4) Lair:3          Orc (1/2) D:10
  Slime: Lair:4-5

Altars:
Ashenzari
Cheibriados
Dithmenos
Elyvilon
Fedhas
Gozag
Hepliaklqana
Kikubaaqudgha
Makhleb
Nemelex Xobeh
Okawaru
Qazlal
Ru
Sif Muna
Trog
Uskayaw
Vehumet
Wu Jian
Xom
Yredelemnul
Zin
The Shining One

Shops:
D:3 :   D:5 (   D:9 [:*[

Annotations:
D:3 exclusion: downstairs
D:5 3 runed translucent doors, exclusion: 3 doors, Crazy Yiuf
D:6 exclusion: downstairs
D:9 Joseph
D:10 6 runed translucent doors, exclusion: downstairs
D:11 exclusion: hydra
Lair:1 exclusion: downstairs
Lair:4 exclusion: upstairs
Orc:1 exclusions: orc, orc warrior and 1 more exclusion


Message History

The death yak gores your yak!
Your yak dies!
Your yak's corpse dissolves into shadows!
The death yak gores your yak!!
Your yak gores the death yak!
The death yak dies!
Your yak barely misses the death yak.
The death yak barely misses your yak.
Your yak gores the death yak but does no damage.
The death yak gores your yak but does no damage.
Your yak gores the death yak.
The death yak gores your yak.
Your yak barely misses the death yak.
Your yak gores something!
The death yak closely misses your yak.
Your yak gores the death yak.
Your yak dissolves into shadows! x2
Your yak gores the death yak.
The death yak gores your yak but does no damage.
Your yak gores the death yak.
The death yak closely misses your yak.
Your yak dissolves into shadows!
Your yak closely misses the death yak.
The death yak gores your yak!
Your yak dissolves into shadows!
The death yak gores your yak!!
Your yak dies!
Your yak's corpse dissolves into shadows!
Your yak dissolves into shadows! x2
Your bullfrog barely misses the death yak.
The death yak gores your bullfrog!
Your bullfrog hits the death yak but does no damage.
The death yak gores your bullfrog!
Your bullfrog dies!
Your bullfrog's corpse dissolves into shadows!
Your yak dissolves into shadows! x2
The death yak attacks as you move away! The death yak gores you!!
* * * LOW HITPOINT WARNING * * *
Okay, then.
As you read the scroll of teleportation, it crumbles to dust.
You feel strangely unstable. The death yak gores you!!
* * * LOW HITPOINT WARNING * * *
The death yak attacks as you move away! The death yak gores you!!
You die...
Your body crumbles into a pile of gold.

.# ...##..........Y....#
.# ...##.....#..........#
.##....##....#######..#.#
..#...#..#...#.###P####.#
........................#
...................YY...#
........................#
........................#
................@Y......#
........................#
..............##.###.#..#
.##..+##P....#########..#
..#.P ###....####..#...#
... ##....##........# .#
#....###...##...##
....#....#....##....#
...##...###..##....P#


You could see 3 death yaks.

Vanquished Creatures
  4 hydras
  2 boulder beetles
  A catoblepas (Lair:3)
  A two-headed ogre (D:10)
  2 death yaks (Lair:4)
  Urug (Lair:3)
  Nergalle (Lair:2)
  A bog body (Lair:3)
  2 cyclopes (D:11)
  8 elephants
  Maurice (D:8)
  A black mamba (Lair:2)
  A torpor snail (Lair:1)
  7 cane toads
  A rime drake (Lair:3)
  2 tengu conjurers (D:9)
  6 komodo dragons
  3 trolls
  A polar bear (Lair:3)
  3 hornets
  Grinder (D:4)
  4 blink frogs (Lair:1)
  A shadow (D:11)
  Sigmund (D:3)
  38 yaks
  5 wyverns
  A wraith (D:10)
  3 basilisks (Lair:2)
  A steam dragon (D:8)
  4 wargs
  A naga (Lair:3)
  An acid dragon (D:9)
  4 swamp worms (Lair:3)
  6 water moccasins
  An ice beast (D:7)
  Pargi (D:3)
  8 orc warriors
  A sky beast (D:8)
  7 ogres
  39 wolves
  2 centaurs
  2 phantoms
  4 kobold brigands
  10 bullfrogs
  A jelly (D:7)
  2 scorpions
  7 wights
  10 killer bees
  4 howler monkeys
  An electric eel (Lair:3)
  2 orc priests
  Jessica (D:3)
  Ijyb (D:3)
  Terence (D:2)
  An iguana (D:5)
  8 orc wizards
  Robin (D:3)
  2 gnolls
  3 adders
  A shadow imp (D:8)
  A white imp (D:7)
  A worm (D:3)
  2 dart slugs
  24 orcs
  6 ball pythons
  6 endoplasms
  5 giant cockroaches
  6 hobgoblins
  36 kobolds
  5 quokkas
  3 bats
  14 goblins
  A goblin zombie (D:10)
  A jackal skeleton (D:10)
  6 rats
358 creatures vanquished.

Vanquished Creatures (collateral kills)
  A death yak (Lair:4)
  Menkaure (D:4)
  A bullfrog (D:6)
  A dart slug (D:4)
  3 orcs
  A ball python (D:4)
  An endoplasm (D:2)
  2 goblins (D:3)
  A quokka (D:4)
  2 rats
14 creatures vanquished.

Vanquished Creatures (others)
  2 yaks (Lair:3)
  Edmund (D:4)
  Duvessa (D:4)
  2 centaurs (D:6)
  Dowan (D:4)
  A kobold (D:7)
  41 fungi
  65 plants
114 creatures vanquished.

Grand Total: 486 creatures vanquished

Notes
Turn   | Place    | Note
-------+----------+-------------------------------------------
     0 | D:1      | H0rd4k the Human Artificer began the quest for the Orb.
     0 | D:1      | Reached XP level 1. HP: 15/15 MP: 1/1
   333 | D:1      | Found a faded altar of an unknown god.
   359 | D:1      | Reached XP level 2. HP: 21/21 MP: 2/2
  1409 | D:2      | Noticed Terence
  1437 | D:2      | Reached XP level 3. HP: 26/26 MP: 3/3
  1441 | D:2      | Reached skill level 1 in Maces & Flails
  1459 | D:2      | Killed Terence
  1505 | D:2      | Reached XP level 4. HP: 14/32 MP: 4/4
  2891 | D:3      | Noticed Robin
  3125 | D:3      | Killed Robin
  3180 | D:3      | Found a shimmering altar of Xom.
  3239 | D:3      | Reached XP level 5. HP: 37/37 MP: 3/5
  3266 | D:3      | Found Koozoy's Book Emporium.
  3267 | D:3      | Noticed Sigmund
  3275 | D:3      | Killed Sigmund
  3276 | D:3      | Reached skill level 2 in Stealth
  3276 | D:3      | Reached XP level 6. HP: 37/44 MP: 4/6
  3364 | D:3      | Noticed Ijyb
  3367 | D:3      | Killed Ijyb
  3565 | D:3      | Noticed Jessica
  3579 | D:3      | Killed Jessica
  3839 | D:3      | Noticed Pargi
  3854 | D:3      | Killed Pargi
  3855 | D:3      | Reached XP level 7. HP: 37/50 MP: 4/7
  4025 | D:4      | Noticed Edmund
  4032 | D:4      | Your ally Edmund died
  4062 | D:4      | Noticed Dowan
  4065 | D:4      | Noticed Duvessa
  4069 | D:4      | Your ally Dowan died
  4135 | D:4      | Noticed Menkaure
  4141 | D:4      | Killed Menkaure
  4149 | D:4      | Your ally Duvessa died
  4395 | D:4      | Reached skill level 5 in Evocations
  4395 | D:4      | Reached XP level 8. HP: 57/57 MP: 8/8
  4504 | D:4      | Found an ancient bone altar of Kikubaaqudgha.
  4701 | D:4      | Noticed Grinder
  4720 | D:4      | Killed Grinder
  4721 | D:4      | Reached skill level 5 in Maces & Flails
  4964 | D:5      | Entered Level 5 of the Dungeon
  4983 | D:5      | Reached skill level 3 in Stealth
  5040 | D:5      | Found a runed translucent door.
  5042 | D:5      | Found a runed translucent door.
  5366 | D:5      | Found Fiaprotupt's Antique Weapon Emporium.
  5669 | D:5      | Found a runed translucent door.
  5670 | D:5      | Noticed Crazy Yiuf
  5940 | D:6      | Reached XP level 9. HP: 65/65 MP: 9/9
  6037 | D:6      | Reached skill level 4 in Stealth
  6649 | D:6      | Found a staircase to the Ecumenical Temple.
  6659 | Temple   | Entered the Ecumenical Temple
  6747 | Temple   | Became a worshipper of Gozag Ym Sagoz the Greedy
  6918 | D:6      | Reached skill level 5 in Stealth
  7438 | D:6      | Reached skill level 5 in Fighting
  7768 | D:7      | Identified the +9 dagger "Guenumoa" {speed, rPois rF+}
  8010 | D:7      | Reached skill level 1 in Short Blades
  8030 | D:7      | Reached skill level 1 in Spellcasting
  8192 | D:7      | Identified the +8 flail of the Blessed Realm {vorpal, rCorr
                  | Stlth+}
  8315 | D:7      | Reached XP level 10. HP: 74/74 MP: 12/12
  8699 | D:7      | Found a sacrificial altar of Ru.
  8757 | D:8      | Reached skill level 6 in Stealth
  8883 | D:8      | Identified the +1 ring mail of Ojadgh {+Blink rPois rF++
                  | Stlth+}
  8942 | D:8      | Reached skill level 5 in Dodging
  9189 | D:8      | Noticed Maurice
  9201 | D:8      | Killed Maurice
  9204 | D:8      | Reached skill level 7 in Stealth
  9328 | D:8      | Found an iron altar of Okawaru.
  9823 | D:5      | Bought a translucent arbalest for 218 gold pieces
  9823 | D:5      | Identified the +5 arbalest of Liofulio {flame, rC+ Str+3
                  | Dex+3} (You bought it in a shop on level 5 of the Dungeon)
  9823 | D:5      | Bought an ichor-stained falchion for 184 gold pieces
  9823 | D:5      | Identified the +5 falchion of Objectivity {vorpal, +Blink
                  | Will+ Dex+4} (You bought it in a shop on level 5 of the
                  | Dungeon)
  9829 | D:5      | Identified 2 scrolls of acquirement
  9839 | D:5      | Acquired a manual of Fighting
  9841 | D:5      | Acquired a manual of Necromancy
  9958 | D:9      | Noticed Joseph
  9981 | D:9      | Found Qomatt's Armour Boutique.
 10047 | D:9      | Reached skill level 5 in Short Blades
 10226 | D:9      | Reached XP level 11. HP: 34/82 MP: 6/16
 10234 | D:9      | Reached skill level 8 in Stealth
 10795 | D:9      | Found a staircase to the Lair.
 11099 | D:9      | Paralysed by a hornet for 1 turns
 11362 | D:9      | Found Zin's Purification Station.
 11363 | D:9      | Found a glowing silver altar of Zin.
 11860 | D:10     | Entered Level 10 of the Dungeon
 12270 | D:10     | Found the +9 staff of Olgreb {rPois∞}
 12277 | D:10     | Found a runed translucent door.
 12279 | D:10     | Found a basalt altar of Yredelemnul.
 12423 | D:10     | Noticed a two-headed ogre
 12433 | D:10     | Killed a two-headed ogre
 12434 | D:10     | Reached skill level 9 in Stealth
 12577 | D:10     | Found a staircase to the Orcish Mines.
 12753 | D:10     | Found a runed translucent door.
 12756 | D:10     | Noticed a wolf spider
 12757 | D:10     | Found a runed translucent gate.
 12768 | D:10     | Found a runed translucent gate.
 12768 | D:10     | Found a runed translucent gate.
 12770 | D:10     | Noticed a wolf spider
 12776 | D:10     | Found a runed translucent door.
 13016 | D:3      | Learned a level 3 spell: Portal Projectile
 13407 | D:11     | Noticed a cyclops
 13429 | D:11     | Reached skill level 1 in Hexes
 13648 | D:11     | Killed a cyclops
 13933 | D:11     | Noticed a seven-headed hydra
 13991 | D:11     | Noticed a cyclops
 14008 | D:11     | Killed a cyclops
 14009 | D:11     | Reached skill level 1 in Necromancy
 14047 | D:11     | Reached skill level 1 in Translocations
 14505 | D:11     | Noticed a boulder beetle
 14517 | D:11     | Killed a boulder beetle
 14518 | D:11     | Reached skill level 10 in Stealth
 14518 | D:11     | Reached skill level 5 in Spellcasting
 14912 | Orc:1    | Entered Level 1 of the Orcish Mines
 14928 | Orc:1    | Noticed an orc knight
 14930 | Orc:1    | Reached XP level 12. HP: 94/94 MP: 19/19
 15633 | Lair:1   | Entered Level 1 of the Lair of Beasts
 15649 | Lair:1   | You fall into a shaft and drop 1 floor!
 15997 | Lair:1   | Reached skill level 11 in Stealth
 16002 | Lair:1   | Noticed a four-headed hydra
 16009 | Lair:1   | Killed a four-headed hydra
 17238 | Lair:1   | Reached skill level 5 in Necromancy
 17248 | Lair:1   | Reached skill level 1 in Ranged Weapons
 18140 | D:3      | Bought Sapruo's Collected Works on Death for 224 gold
                  | pieces
 18140 | D:3      | Bought a book of Maledictions for 364 gold pieces
 18145 | D:3      | Learned a level 4 spell: Anguish
 18151 | D:3      | Learned a level 5 spell: Agony
 18805 | D:3      | Bought a book of Hexes for 504 gold pieces
 18862 | D:5      | Learned a level 3 spell: Inner Flame
 18867 | D:5      | Learned a level 4 spell: Cause Fear
 19118 | Lair:2   | Noticed Nergalle
 19144 | Lair:2   | Killed Nergalle
 20261 | Lair:2   | Noticed a seven-headed hydra
 20284 | Lair:2   | Killed a seven-headed hydra
 20370 | Lair:2   | Reached XP level 13. HP: 32/101 MP: 9/22
 20677 | Lair:2   | Reached skill level 5 in Hexes
 21834 | Lair:3   | Noticed Urug
 21869 | Lair:3   | Killed Urug
 21909 | Lair:3   | Noticed a catoblepas
 21953 | Lair:3   | Noticed a seven-headed hydra
 21955 | Lair:3   | Killed a seven-headed hydra
 22004 | Lair:3   | Found a staircase to the Snake Pit.
 23009 | Lair:3   | Noticed an eight-headed hydra
 24163 | Lair:3   | Found a staircase to the Swamp.
 24722 | Lair:4   | Reached skill level 10 in Necromancy
 24766 | Lair:4   | Noticed a boulder beetle
 24973 | Lair:4   | Killed a boulder beetle
 25237 | Lair:3   | Killed an eight-headed hydra
 25628 | Lair:2   | Acquired the amulet "Seste" {Reflect +Blink rN+ Int+3 SH+5}
 26242 | Lair:3   | Reached XP level 14. HP: 70/108 MP: 26/26
 26690 | Lair:4   | Reached skill level 1 in Shields
 27218 | Lair:4   | HP: 3/108 [death yak (18)]
 27219 | Lair:4   | Demolished by a death yak

Illustrated notes

Levels and vault maps discovered:
D:1:      matt_arrival_los_fun, layout_basic, ebering_ecumenical_altar_petrified
D:2:      layout_basic, st_stairs_13, minmay_misc_feat_hallway,
          chequers_serial_rivers_large_b, uniq_terence
D:3:      layout_loops_ring, mainiacjoe_overflow_surrounded_room, serial_shops,
          shop, kennysheep_generic_room_6, uniq_sigmund, uniq_pargi, uniq_robin,
          uniq_ijyb, uniq_jessica
D:4:      layout_rooms, mainiacjoe_overflow_paths, minmay_manual_monstrance,
          uniq_edmund, uniq_grinder, uniq_duvessa, uniq_menkaure
D:5:      lemuel_insect_pit, layout_rooms, serial_shops, shop_statue,
          grunt_decor_junction, skrybe_limestone_x, uniq_crazy_yiuf_cottage
D:6:      layout_loops_cross, minmay_temple_entry_grid,
          hangedman_decor_slide_cut, kennysheep_generic_room_4
D:7:      layout_gridville, nicolae_ru_path_of_blood
D:8:      layout_basic, mainiacjoe_overflow_chevrons, uniq_maurice
D:9:      kennysheep_kobold_camp, layout_irregular_city, zin_purify,
          erik_lair_orcish_takeover, serial_shops, nicolae_take_the_stairs,
          uniq_joseph
D:10:     layout_rooms, dk_yredelemnul_ordeal, orc_0_dummy,
          roderic_three_in_a_row, minmay_guarded_unrand_staff_of_olgreb
D:11:     layout_long_grid
Temple:   nicolae_temple_bog_church
Lair:1:   layout_cave_pods, infiniplex_staircase_pool, grunt_megastairs_2,
          lemuel_fruit_tree
Lair:2:   layout_regular_city, uniq_nergalle
Lair:3:   layout_roguey, nicolae_swamp_entry_splash_gauntlet,
          guppyfry_snake_entry_island, grunt_forest_large_clearings, uniq_urug
Lair:4:   layout_regular_city
Orc:1:    layout_caves

Skill      XL: |  1  2  3  4  5  6  7  8  9 10 11 12 13 14 |
---------------+-------------------------------------------+-----
Maces & Flails | 1 2 3 4 6 7 |  7.8
Dodging        | 2 3 4 5 6 |  6.8
Stealth        | 2 3 5 7 10 11 | 11.7
Evocations     | 4 5 6 |  6.4
Fighting       | 2 3 5 6 8 9 |  9.5
Short Blades   | 2 6 7 |  7.5
Spellcasting   | 1 3 5 6 8 9 |  9.4
Hexes          | 2 4 7 8 |  8.5
Necromancy     | 2 6 10 | 10.5
Translocations | 1 |  1.4
Ranged Weapons | 2 |  2.0
Shields        | 1 |  1.2
Polearms       | |  0.1
Throwing       | |  0.1
Armour         | |  2.0
Poison Magic   | |  0.2

Action                   |  1- 3 |  4- 6 |  7- 9 | 10-12 | 13-15 || total
-------------------------+-------+-------+-------+-------+-------++-------
Melee: Club              |    82 |   138 |    16 |       |       ||   236
       Punch             |       |     1 |     1 |    12 |    14 ||    28
       Dire flail        |       |       |   121 |       |       ||   121
       Dagger            |       |       |    50 |   410 |   619 ||  1079
       Flail             |       |       |       |   181 |       ||   181
 Fire: Arbalest          |       |       |       |     2 |     2 ||     4
 Cast: Anguish           |       |       |       |       |    10 ||    10
       Inner Flame       |       |       |       |       |     3 ||     3
       Cause Fear        |       |       |       |       |     1 ||     1
Invok: Call Merchant     |       |       |       |       |     2 ||     2
Evoke: Wand              |     6 |    20 |    17 |    23 |    19 ||    85
  Use: Potion            |       |       |     3 |       |     2 ||     5
       Scroll            |       |       |       |    15 |     8 ||    23
 Stab: Sleeping          |     2 |     2 |     6 |    21 |     4 ||    35
       Distracted        |       |       |     2 |     3 |     5 ||    10
       Paralysed         |       |       |       |     6 |     1 ||     7
       Fleeing           |       |       |       |       |     1 ||     1
Armor: Leather armour    |    22 |    45 |    42 |     6 |       ||   115
       Ring mail         |       |       |       |   113 |   106 ||   219
Dodge: Dodged            |    50 |   114 |   116 |   272 |   227 ||   779
Block: Other             |       |       |       |       |    17 ||    17
